 Dungeon Crawl Stone Soup version 0.21.0 (webtiles) character file.

30067 bombasticus the Blocker (level 13, -5/80 HPs)
             Began as a Gargoyle Berserker on Jan 8, 2018.
             Was a High Priest of Trog.
             Slain by an orc knight
             ... wielding a +0 great sword
              (18 damage)
             ... on level 2 of the Orcish Mines.
             The game lasted 00:54:49 (16794 turns).

bombasticus the Blocker (Gargoyle Berserker)       Turns: 16794, Time: 00:54:50

Health: -5/80      AC: 25    Str: 25    XL:     13   Next: 49%
Magic:  13/13      EV:  8    Int:  9    God:    Trog [*****.]
Gold:   1616       SH: 18    Dex: 13    Spells: 12/12 levels left

rFire    . . .     SeeInvis .   R - +5 double sword of Qemav {slice, +Fly rElec}
rCold    . . .     Gourm    .   t - +0 shield
rNeg     + . .     Faith    .   w - +0 plate armour
rPois    ∞         Spirit   .   (no helmet)
rElec    +         Reflect  +   (no cloak)
rCorr    .         Harm     .   (no gloves)
MR       .....                  N - +0 pair of boots
Stlth    ..........             b - +4 amulet of reflection
HPRegen  0.23/turn              M - +4 ring of dexterity
MPRegen  0.13/turn              G - ring of loudness (curse)

@: about to teleport, berserk cooldown, slowed, drained, very slow
A: negative energy resistance 1, electricity resistance, unbreathing,
petrification resistance, rot immunity, AC +9
a: Berserk, Trog's Hand, Brothers in Arms, Burn Spellbooks, Renounce Religion,
Evoke Flight


You were on level 2 of the Orcish Mines.
You worshipped Trog.
Trog was extremely pleased with you.
You were hungry.

You visited 2 branches of the dungeon, and saw 14 of its levels.
You also visited: Sewer.

You collected 1973 gold pieces.
You spent 357 gold pieces at shops.

Inventory:

Hand Weapons
 I - a +5 trident
 J - a +5 dagger of freezing
 L - a +2 vampiric dagger
 P - a +0 shortbow
 R - the +5 double sword of Qemav (weapon) {slice, +Fly rElec}
   (Trog gifted it to you on level 9 of the Dungeon)

   It inflicts extra damage upon your enemies.
   It insulates you from electricity.
   It lets you fly.
Missiles
 y - 4 silver tomahawks (quivered)
Armour
 t - a +0 shield (worn)
 w - a +0 plate armour (worn)
 N - a +0 pair of boots (worn)
Jewellery
 b - a +4 amulet of reflection (around neck)
 j - an uncursed ring of stealth
 G - a cursed ring of loudness (right hand)
 M - a +4 ring of dexterity (left hand)
 O - an uncursed amulet of faith {unknown}
 Q - an uncursed amulet of magic regeneration {unknown}
 U - a +4 ring of dexterity
Wands
 i - a wand of scattershot (6)
 C - a wand of flame (21)
 D - a wand of acid (15)
 H - a wand of iceblast (13)
Scrolls
 a - a scroll of acquirement {unknown}
 e - a scroll of fear {unknown}
 h - 6 scrolls of teleportation
 m - 5 scrolls of identify
 q - a scroll of random uselessness {unknown}
 s - 6 scrolls of remove curse
 u - a scroll of magic mapping {unknown}
 x - 2 scrolls of summoning
 E - a scroll of silence {unknown}
 S - a scroll of immolation {unknown}
 T - a scroll of fog {unknown}
 W - a scroll of blinking {unknown}
 X - 2 scrolls of noise {unknown}
Potions
 d - 4 potions of brilliance
 f - 5 potions of lignification
 l - 2 potions of haste
 n - 3 potions of invisibility
 o - a potion of mutation {unknown}
 p - 9 potions of curing
 v - a potion of flight {unknown}
 z - 7 potions of heal wounds
 B - 2 potions of agility
 F - a potion of berserk rage {unknown}
 Y - a potion of might
Comestibles
 c - 26 rations
 g - 6 chunks of flesh


   Skills:
 + Level 9.3 Fighting
 + Level 8.1(10.4) Short Blades
 + Level 10.7(11.6) Long Blades
   Level 0.2(0.1) Axes
 + Level 9.6 Armour
 + Level 3.4(3.3) Dodging
 + Level 0.9 Stealth
 + Level 13.5(13.4) Shields


You had 12 spell levels left.
You didn't know any spells.

Dungeon Overview and Level Annotations

Branches:
Dungeon (12/15)            Temple (0/1) D:5            Lair (0/6) D:9
    Orc (2/2) D:10            Elf (0/3) Orc:2

Altars:
Ashenzari
Cheibriados
Gozag
Kikubaaqudgha
Nemelex Xobeh
Ru
Sif Muna
Vehumet
Wu Jian
Zin
Beogh

Shops:
D:5 %   D:9 }!([*   Orc:2 ?!

Annotations:
D:12 Maurice


Innate Abilities, Weirdness & Mutations

You are resistant to torment.
Your stone body is resilient. (AC +9)
You are immune to poison.
You resist negative energy. (rN+)
You are resistant to electric shocks. (rElec)
You can survive without breathing.
You are immune to petrification.
You are immune to rotting.


Message History

Trog accepts your kill.
The orange demon disappears in a puff of smoke!
The sixfirhy disappears in a puff of smoke!
You are no longer berserk.
You are exhausted.
You feel yourself slow down.
The orc sorcerer gestures wildly while chanting.
The hellwing hits you but does no damage.
You block the hellwing's attack.
Your plate armour prevents you from hitting the orc sorcerer.
The orc knight hits you but does no damage.
The red devil hits you but does no damage.
You block the hellwing's attack. The hellwing barely misses you.
You block the orc high priest's attack.
The orc priest calls down the wrath of Beogh upon you.
You are unaffected.
As you read the scroll of teleportation, it crumbles to dust.
You feel strangely unstable. The orc sorcerer barely misses you.
The orc knight hits you with a great sword!!
You die...

....###.)####.###............#.#.
...###))#########................
..###))###.###.###...........))..
.###))###...###.#.#..............
###.)###.#.#.###.......#..#...#..
##..###...#...###.#...........#..
#.)###...###.§§######..##.#...##.
..###...## ##..4## ##.####....##
)).)...## ##4o@# #...##....##
..#÷..## ##o.o# #...###.###
#....## ##o#.###.## ### ..).##
.o...#### #..## #.....# ....##
.....## #....## #.#.## ..#...##
#...## ......o## #...#


You could see an orc knight, 2 orc high priests, a hellwing, an orc sorcerer, a
red devil and an orc priest.

Vanquished Creatures
  Josephine (D:11)
  Erica (Orc:1)
  2 two-headed ogres
  A tengu warrior (D:10)
  An orc high priest (Orc:2)
  A sun demon (Orc:2)
  3 orc knights
  3 orc sorcerers (Orc:2)
  2 cyclopes (D:11)
  A smoke demon (Orc:2)
  An orange demon (Orc:2)
  2 kobold demonologists
  A komodo dragon (D:9)
  2 red devils (Orc:2)
  5 trolls
  A hellwing (Orc:2)
  2 hippogriffs
  4 wraiths
  A vampire (D:10)
  2 wyverns
  25 yaks
  A hungry ghost (D:11)
  A vampire mosquito (D:11)
  A steam dragon (D:10)
  5 wargs
  An acid dragon (D:11)
  A water moccasin (D:10)
  40 orc warriors
  A swamp drake (D:10)
  Purgy (Sewer)
  3 sky beasts
  3 ice beasts
  A black bear (D:9)
  A phantom (D:6)
  3 necrophages
  18 ogres
  3 eyes of draining
  2 centaurs (D:9)
  16 big kobolds
  Blork the orc (D:6)
  6 bullfrogs
  4 scorpions (D:8)
  14 killer bees
  9 wights
  5 howler monkeys
  2 electric eels
  3 crimson imps
  2 centaur zombies
  3 quasits
  5 jellies
  26 orc priests
  6 hounds
  3 centaur skeletons
  A bullfrog skeleton (D:9)
  Jessica (D:2)
  Terence (D:2)
  4 iguanas
  26 orc wizards
  7 worker ants
  A killer bee zombie (D:8)
  A hound skeleton (D:5)
  2 worker ant zombies
  10 gnolls
  21 adders
  2 shadow imps
  2 oozes
  3 adder zombies
  2 worms
  A dart slug (D:1)
  5 leopard geckos
  71 orcs
  A ball python (D:1)
  A giant cockroach (D:1)
  2 goblins
  8 hobgoblins
  6 jackals
  18 kobolds
  7 quokkas
  4 bats
  4 frilled lizards
  2 quokka skeletons
  2 quokka zombies (D:8)
  9 rats
478 creatures vanquished.

Vanquished Creatures (others)
  A centaur (D:7)
  An orc wizard (Orc:2)
  2 orcs
  A kobold (D:8)
  2 plants (D:9)
7 creatures vanquished.

Grand Total: 485 creatures vanquished

Notes
Turn   | Place    | Note
-------+----------+-------------------------------------------
     0 | D:1      | bombasticus the Gargoyle Berserker began the quest for the Orb.
     0 | D:1      | Reached XP level 1. HP: 14/14 MP: 1/1
   188 | D:1      | Reached XP level 2. HP: 14/19 MP: 2/2
   866 | D:1      | Reached XP level 3. HP: 24/24 MP: 3/3
  1037 | D:2      | Noticed Jessica
  1041 | D:2      | Killed Jessica
  1098 | D:2      | Noticed Terence
  1110 | D:2      | Killed Terence
  1110 | D:2      | Reached XP level 4. HP: 14/29 MP: 4/4
  1464 | D:2      | Reached ** piety under Trog
  2055 | D:3      | Reached XP level 5. HP: 34/34 MP: 5/5
  2159 | D:3      | Reached skill level 1 in Short Blades
  2335 | D:3      | Found a faded altar of an unknown god.
  2967 | D:4      | Noticed an orc warrior
  2976 | D:4      | Reached *** piety under Trog
  2976 | D:4      | Reached XP level 6. HP: 39/39 MP: 6/6
  2986 | D:4      | Killed an orc warrior
  3278 | D:4      | Reached XP level 7. HP: 39/44 MP: 7/7
  3416 | D:5      | Entered Level 5 of the Dungeon
  3457 | D:5      | Found Dounar's Food Shoppe.
  3473 | D:5      | Reached skill level 5 in Fighting
  3473 | D:5      | Reached skill level 1 in Shields
  3847 | D:5      | Reached skill level 2 in Shields
  4036 | D:5      | Found a staircase to the Ecumenical Temple.
  4282 | D:5      | Found a sparkling altar of Nemelex Xobeh.
  4355 | D:5      | Reached skill level 3 in Shields
  4355 | D:5      | Reached XP level 8. HP: 49/49 MP: 8/8
  4615 | D:6      | Found an opulent altar of Gozag.
  4771 | D:6      | Found a shattered altar of Ashenzari.
  4797 | D:6      | Reached skill level 4 in Shields
  4919 | D:6      | Found a sacrificial altar of Ru.
  4953 | D:6      | Noticed Blork the orc
  4968 | D:6      | Killed Blork the orc
  5057 | D:6      | Found a glowing drain.
  5069 | Sewer    | Entered a sewer
  5128 | Sewer    | Noticed Purgy
  5151 | Sewer    | Killed Purgy
  5260 | D:6      | Found an ornate altar of the Wu Jian Council.
  5333 | D:6      | Found a glowing silver altar of Zin.
  5682 | D:7      | Reached skill level 5 in Short Blades
  5682 | D:7      | Reached skill level 5 in Armour
  5682 | D:7      | Reached skill level 5 in Shields
  5693 | D:7      | Reached **** piety under Trog
  5862 | D:7      | Reached XP level 9. HP: 55/55 MP: 9/9
  5967 | D:7      | Found a radiant altar of Vehumet.
  5971 | D:7      | Found an ancient bone altar of Kikubaaqudgha.
  5972 | D:7      | Found a deep blue altar of Sif Muna.
  6206 | D:7      | Reached skill level 6 in Shields
  6884 | D:7      | Reached skill level 7 in Shields
  6909 | D:7      | Noticed a two-headed ogre
  6918 | D:7      | Killed a two-headed ogre
  7592 | D:8      | Reached skill level 8 in Shields
  7785 | D:8      | Reached XP level 10. HP: 59/61 MP: 10/10
  8180 | D:8      | Reached ***** piety under Trog
  8189 | D:8      | Found an ornate altar of the Wu Jian Council.
  8439 | D:8      | Reached skill level 9 in Shields
  8798 | D:9      | Found a staircase to the Lair.
  9048 | D:9      | Noticed a two-headed ogre
  9071 | D:9      | Killed a two-headed ogre
  9071 | D:9      | Reached skill level 10 in Shields
  9439 | D:9      | Found Saco's Weapon Shop.
  9547 | D:9      | Reached XP level 11. HP: 44/66 MP: 11/11
  9710 | D:9      | Received a gift from Trog
  9846 | D:9      | Got a slimy double sword {god gift}
  9847 | D:9      | Identified the +5 double sword of Qemav {slice, +Fly rElec} (Trog gifted it to you on level 9 of the Dungeon)
  9865 | D:9      | Found Tolydghu's Distillery.
  9869 | D:9      | Bought a potion of curing for 45 gold pieces
  9869 | D:9      | Bought a potion of heal wounds for 75 gold pieces
  9869 | D:9      | Bought a potion of curing for 45 gold pieces
  9953 | D:9      | Found Dayhiph's Antique Armour Shoppe.
 10238 | D:9      | Found a snail-covered altar of Cheibriados.
 10252 | D:9      | Reached skill level 11 in Shields
 10293 | D:9      | Found Ucih's Gadget Emporium.
 10630 | D:9      | Found Zimiw's General Store.
 10633 | D:9      | Bought a scroll of remove curse for 36 gold pieces
 10633 | D:9      | Bought a scroll of remove curse for 36 gold pieces
 10917 | D:10     | Entered Level 10 of the Dungeon
 10937 | D:10     | Noticed a tengu warrior
 10953 | D:10     | Killed a tengu warrior
 11081 | D:10     | Reached skill level 5 in Long Blades
 11449 | D:10     | Found a staircase to the Orcish Mines.
 12587 | D:11     | Noticed a cyclops
 12599 | D:11     | Killed a cyclops
 12599 | D:11     | Reached XP level 12. HP: 66/73 MP: 12/12
 12995 | D:11     | Reached skill level 12 in Shields
 13290 | D:11     | Noticed Josephine
 13333 | D:11     | Killed Josephine
 13500 | D:11     | Received a gift from Trog
 13567 | D:11     | Received a gift from Trog
 13823 | D:12     | Noticed a war gargoyle
 13823 | D:12     | Noticed Maurice
 14094 | Orc:1    | Entered Level 1 of the Orcish Mines
 14125 | Orc:1    | Found a roughly hewn altar of Beogh.
 14239 | Orc:2    | Entered Level 2 of the Orcish Mines
 14446 | Orc:2    | Found a staircase to the Elven Halls.
 14804 | Orc:1    | Noticed Erica
 14821 | Orc:1    | Killed Erica
 15096 | Orc:2    | Reached XP level 13. HP: 70/80 MP: 13/13
 15204 | Orc:2    | Received a gift from Trog
 15271 | Orc:2    | Reached skill level 13 in Shields
 15645 | Orc:1    | Reached skill level 10 in Long Blades
 15932 | Orc:2    | Found Kuuqyv's Magic Scroll Boutique.
 15933 | Orc:2    | Found Haetz's Distillery.
 16138 | Orc:2    | Bought a scroll of identify for 20 gold pieces
 16138 | Orc:2    | Bought a scroll of identify for 20 gold pieces
 16138 | Orc:2    | Bought a scroll of identify for 20 gold pieces
 16138 | Orc:2    | Bought 2 scrolls of identify for 40 gold pieces
 16138 | Orc:2    | Bought a scroll of identify for 20 gold pieces
 16794 | Orc:2    | Slain by an orc knight

Skill      XL: |  1  2  3  4  5  6  7  8  9 10 11 12 13 |
---------------+----------------------------------------+-----
Long Blades    | 3 7 9 10 | 10.7
Fighting       | 4 5 6 7 8 9 |  9.3
Dodging        | 2 3 |  3.4
Short Blades   | 2 3 4 5 7 8 |  8.1
Armour         | 3 4 5 6 7 8 9 |  9.6
Shields        | 3 5 8 10 11 12 13 | 13.5
Axes           | |  0.2
Stealth        | |  0.9

Action                   |  1- 3 |  4- 6 |  7- 9 | 10-12 | 13-15 || total
-------------------------+-------+-------+-------+-------+-------++-------
Melee: Falchion          |    10 |       |       |       |       ||    10
       Dagger            |    46 |   195 |   811 |   477 |       ||  1529
       Double sword      |       |       |       |   681 |   193 ||   874
       Hand axe          |       |       |       |    20 |       ||    20
Throw: Tomahawk          |       |       |       |     1 |       ||     1
Invok: Berserk           |       |     2 |     4 |    10 |     6 ||    22
       Burn Spellbooks   |       |     1 |     1 |       |       ||     2
       Trog's Hand       |       |       |     1 |     8 |     3 ||    12
  Use: Scroll            |       |       |       |     2 |     8 ||    10
       Potion            |       |       |       |     2 |       ||     2
  Eat: Chunk             |     1 |     8 |    10 |    36 |     9 ||    64
       Ration            |       |       |     3 |     1 |     1 ||     5
Armor: Animal skin       |    13 |     2 |       |       |       ||    15
       Chain mail        |       |   102 |       |       |       ||   102
       Plate armour      |       |     9 |   368 |   581 |    62 ||  1020
Dodge: Dodged            |    39 |    73 |   158 |   282 |    35 ||   587
Block: Shield            |       |    25 |   525 |  1079 |   186 ||  1815
       Reflection        |       |       |    11 |    32 |     4 ||    47
       Rpst.: Falchion   |     2 |       |       |       |       ||     2
       Double sword      |       |       |       |    54 |     8 ||    62
